Map: King's Cove LE

Players

IIIIIIIIIIII

  • Race: Protoss Protoss
  • League: Grandmaster
  • Spawn Location: 5:00

Akarichan - Winner!

  • Race: Terran Terran
  • League: Master
  • Spawn Location: 11:00

VOD

Have the link to the VOD?

Description

Time

  • Played on: July 8, 2019, 10:02 a.m.
  • Length: 6:50
Show
View Real Time Build Order
Export as new Build Order

IIIIIIIIIIII Protoss 

Build Orders: Blink Stalkers 

Get SALT Encoding   

  12  0:00  Probe  
  13  0:12  Probe  
  14  0:18  Pylon  
  14  0:25  Probe  
  15  0:33  Probe  
  15  0:39  Gateway  
  15  0:41  Probe  
  16  0:47  Assimilator  
  17  0:52  Probe  
  18  1:04  Probe  
  19  1:17  Probe  
  20  1:28  Cybernetics Core, Zealot  
  20  1:32  Pylon  
  22  1:52  Nexus  
  22  1:54  Stalker  
  22  1:57  Probe  
  23  2:05  Warp Gate  
  25  2:09  Assimilator  
  25  2:12  Probe  
  25  2:24  Probe, Pylon  
  26  2:36  Probe  
  27  2:44  Twilight Council  
  27  2:47  Stalker  
  27  2:50  Probe  
  30  3:00  Probe  
  30  3:02  Probe  
  32  3:08  Probe  
  33  3:14  Probe, Blink  
  33  3:17  Gateway  
  33  3:19  Gateway  
  34  3:21  Probe  
  34  3:27  Probe  
  36  3:34  Probe  
  36  3:39  Probe  
  38  3:46  Probe, Pylon  
  39  3:51  Probe  
  40  3:55  Stalker  
  40  4:02  Probe  
  36  4:03  Probe  
  35  4:13  Stalker  
  38  4:22  Robotics Facility  
  38  4:23  Stalker  
  38  4:26  Stalker  
  39  4:31  Probe x2  
  33  4:43  Probe x2  
  31  4:50  Stalker  
  31  4:58  Stalker  
  31  4:59  Stalker  
  30  5:10  Robotics Facility  
  28  5:14  Stalker  
  30  5:28  Stalker x2  
  32  5:37  Dark Shrine  
  30  5:47  Stalker  
  32  5:52  Pylon  
  32  5:58  Stalker  
  34  6:16  Stalker x2  
  28  6:27  Stalker  
  28  6:39  Stalker  
Show
View Real Time Build Order
Export as new Build Order

Akarichan Terran - Winner!

Build Orders: 2 Factory, Cyclone Opening 

Get SALT Encoding   

  12  0:01  SCV  
  13  0:13  SCV  
  14  0:18  Supply Depot  
  14  0:25  SCV  
  15  0:37  Refinery  
  15  0:40  SCV  
  16  0:47  Barracks  
  16  0:52  SCV  
  17  0:59  Refinery  
  17  1:04  SCV  
  18  1:16  SCV  
  19  1:33  Orbital Command  
  19  1:34  Reaper  
  20  1:42  Factory  
  20  1:51  Supply Depot  
  20  1:59  SCV  
  21  2:10  Factory  
  21  2:14  Barracks Reactor  
  21  2:17  SCV  
  22  2:26  Factory Tech Lab  
  22  2:29  SCV  
  23  2:41  SCV  
  23  2:44  Cyclone  
  27  2:52  Supply Depot, Mag-Field Accelerator  
  27  2:53  SCV  
  28  3:00  Marine  
  28  3:01  Widow Mine  
  31  3:14  Widow Mine  
  31  3:15  Supply Depot  
  31  3:19  Cyclone  
  36  3:26  Widow Mine  
  38  3:28  Marine  
  39  3:37  Widow Mine  
  41  3:42  Supply Depot  
  41  3:47  Widow Mine  
  43  3:55  Cyclone  
  44  4:16  Bunker  
  43  4:17  Marine  
  43  4:26  Widow Mine x2  
  43  4:27  Cyclone  
  43  4:30  SCV  
  44  4:47  Widow Mine  
  44  4:52  SCV, Widow Mine  
  48  4:59  Cyclone  
  50  5:04  SCV  
  51  5:17  SCV, Widow Mine  
  54  5:21  Supply Depot, Marine  
  54  5:22  Widow Mine  
  57  5:29  SCV  
  57  5:31  Cyclone  
  61  5:50  Widow Mine x2  
  61  5:51  SCV  
  66  6:03  Cyclone  
  65  6:12  Hellion  
  61  6:20  Bunker  
  61  6:23  Widow Mine  
Tags
 
Add a new tag
Caveats
  • Supply blocks, unpowered buildings, or Contaminate may cause inaccurate times.
  • Supply counts are checked every 10 seconds.